 Dungeon Crawl Stone Soup version 0.28.0-1-gb440e238dd (webtiles) character file.

Game seed: 11032504269152561285

74 lonewolfV2 the Shield-Bearer (level 4, -5/24 HPs)
             Began as a Vine Stalker Fighter on Feb 22, 2022.
             Killed by divine providence
             ... invoked by an orc priest
              (10 damage)
             ... on level 3 of the Dungeon.
             The game lasted 00:03:01 (2533 turns).

lonewolfV2 the Shield-Bearer (Vine Stalker Fighter) Turns: 2533, Time: 00:03:02

Health: -5/24      AC:  6    Str: 21    XL:     4   Next: 30%
Magic:  0/5        EV:  9    Int:  8    God:
Gold:   104        SH:  5    Dex: 13    Spells: 3/3 levels left

rFire   . . .      SeeInvis .     - Unarmed
rCold   . . .      Faith    .   b - +0 buckler
rNeg    . . .      Spirit   +   a - +0 scale mail
rPois   .          Reflect  .   (no helmet)
rElec   .          Harm     .   (no cloak)
rCorr   .          Rampage  .   (no gloves)
Will    .....                   (no boots)
Stlth   ..........              (no amulet)
HPRegen 0.88/turn               (no ring)
MPRegen 0.09/turn               (no ring)

@: no status effects
A: fangs 2, regeneration 1, magic shield, antimagic bite, no potion heal 2
a: no special abilities


You were on level 3 of the Dungeon.
You visited 1 branch of the dungeon, and saw 3 of its levels.

You collected 104 gold pieces.

Inventory:

Armour
 a - a +0 scale mail (worn)
 b - a +0 buckler (worn)
Jewellery
 d - a ring of protection from fire
 e - a ring of wizardry
 i - an amulet of regeneration
Potions
 c - a potion of might
 f - a potion of haste {unknown}
 g - a potion of heal wounds {unknown}


   Skills:
 + Level 3.1 Fighting
 + Level 2.8 Armour
 + Level 0.4 Dodging
 + Level 3.3 Shields
 + Level 2.6 Unarmed Combat


You had 3 spell levels left.
You didn't know any spells.
Your spell library was empty.

Dungeon Overview and Level Annotations

Branches:
Dungeon (3/15)

Altars:
Qazlal
Sif Muna


Innate Abilities, Weirdness & Mutations

You have extremely sharp teeth.
Your natural rate of healing is unusually fast.
When hurt, damage is shared between your health and your magic reserves.
Your bite disrupts and absorbs the magic of your enemies.
Potions cannot restore your health.


Message History

A rat is nearby!
A rat is nearby!
You block the rat's attack.
You hit the rat but do no damage. You bite the rat.
You kill the rat!
You see here a frilled lizard corpse. 2 orcs come into view.
An orc is wielding a +0 vampiric dagger.
An orc is wielding a +0 antimagic flail.
The orc shouts! x2
There are monsters nearby!
There are monsters nearby!
There are monsters nearby!
An orc priest and an orc come into view.
The orc shouts!
You see here a scroll labelled JIJU RUTTYMP.
An orc comes into view. It is wielding a +0 club.
The orc shouts!
An orc priest comes into view.
It is wielding a +2 flail of protection.
The orc hits you with a +0 antimagic flail.
You feel your power leaking away.
The orc hits you with a +0 vampiric dagger.
You closely miss the orc.
An orc wizard comes into view. It is wielding a +0 dagger.
The orc wizard shouts!
The orc barely misses you. You block the orc priest's attack.
The orc hits you with a +0 antimagic flail.
The orc barely misses you. You block the orc's attack.
The orc completely misses you.
The orc hits you with a +0 antimagic flail.
You see here a scroll labelled JIJU RUTTYMP.
The orc priest mumbles some strange prayers to Beogh against you.
Beogh smites you!
Ouch! That really hurt!
* * * LOW HITPOINT WARNING * * *
The orc wizard mumbles some strange words.
The orc wizard flickers and vanishes!
Deactivating autopickup; reactivate with Ctrl-A.
The orc priest invokes the aid of Beogh against you.
Beogh smites you!
You die...

##.. ..... #.#. ... #.#
....###.#.##.. .. #.#
#.#........... ..# #.#
#........ #..####.# #.#
..#.##.# #.......# #.# #..##.#
#...###.#####<#
..#####..##o####.............##
.......{o?oo..@................
.........o.o.#...#.##...####.##
.####.##.#.#.#.#.............##
#. #...........##...#######
#.##..PPPPPPP..###.## #
#..............###.# #
#######..P.PPP.P......## #
.........P.....P.......# #
########.P.._..P...###.# #


You could see 2 orc priests and 4 orcs.

Vanquished Creatures
  An adder (D:2)
  2 worms (D:2)
  3 dart slugs
  3 bats
  3 endoplasms
  3 goblins (D:1)
  3 hobgoblins
  8 jackals (D:2)
  7 kobolds
  4 quokkas
  5 ball pythons
  4 frilled lizards
  3 rats
49 creatures vanquished.

Notes
Turn   | Place    | Note
-------+----------+-------------------------------------------
     0 | D:1      | lonewolfV2 the Vine Stalker Fighter began the quest for the
                  | Orb.
     0 | D:1      | Reached XP level 1. HP: 11/11 MP: 2/2
   144 | D:1      | Reached XP level 2. HP: 16/16 MP: 3/3
   796 | D:1      | Reached XP level 3. HP: 20/20 MP: 4/4
  1814 | D:2      | Gained mutation: Your natural rate of healing is unusually
                  | fast. [Vine Stalker growth]
  1814 | D:2      | Reached XP level 4. HP: 22/24 MP: 5/5
  1884 | D:2      | Found a faded altar of an unknown god.
  2362 | D:3      | Found a shimmering blue altar of Sif Muna.
  2422 | D:3      | Found a stormy altar of Qazlal.
  2533 | D:3      | Killed from afar by an orc priest

Illustrated notes

Levels and vault maps discovered:
D:1:      minmay_arrival_glassed_features, layout_loops_ring, corner_web_ring
D:2:      layout_basic, shapermc_ecumenical_altar_pompeii, minmay_bisected
D:3:      layout_loops_ring, mainiacjoe_overflow_cross_hatched,
          mainiacjoe_overflow_tiny_flanked, minmay_misc_feat_doors,
          grunt_ministairs_8

Skill      XL: |  1  2 |
---------------+-------+-----
Fighting       | 3 |  3.1
Shields        | 3 |  3.3
Armour         | |  2.8
Dodging        | |  0.4
Unarmed Combat | |  2.6

Action                   |  1- 3 |  4- 6 || total
-------------------------+-------+-------++-------
Melee: Unarmed           |   151 |    39 ||   190
       Bite              |    28 |     9 ||    37
  Use: Scroll            |       |     3 ||     3
Armor: Scale mail        |    72 |    20 ||    92
Dodge: Dodged            |    64 |    17 ||    81
Block: Buckler           |    36 |    13 ||    49
